 Dungeon Sprint DCSS version 0.30-a0-269-gf0224bf7b6 (webtiles) character file.

Game seed: 7547843376425372827

23 Low2 the Sneak (level 2, -6/13 HPs)
             Began as a Vine Stalker Enchanter on Oct 14, 2022.
             Mangled by an ogre
             ... wielding a +0 giant club
              (19 damage)
             ... in the Dungeon (Sprint I: "Red Sonja").
             The game lasted 00:00:46 (23 turns).

Low2 the Sneak (Vine Stalker Enchanter)               Turns: 23, Time: 00:00:46

Health: -6/13      AC:  2    Str: 10    XL:     2   Next: 95%
Magic:  0/7        EV: 12    Int: 15    God:
Gold:   0          SH:  0    Dex: 14    Spells: 7/7 levels left

rFire   . . .      SeeInvis .    a - +1 dagger
rCold   . . .      Faith    .    (no shield)
rNeg    . . .      Spirit   +    b - +0 robe
rPois   .          Reflect  .    (no helmet)
rElec   .          Harm     .    (no cloak)
rCorr   .          Rampage  .    (no gloves)
Will    .....      NoTele   +    (no boots)
Stlth   +++.......               (no amulet)
HPRegen 0.22/turn                (no ring)
MPRegen 0.10/turn                (no ring)

@: no status effects
A: fangs 2, magic shield, antimagic bite, no potion heal 2
a: no special abilities


You were in the Dungeon.
You visited 1 branch

Inventory:

Hand Weapons
 a - a +1 dagger (weapon)
Armour
 b - a +0 robe (worn)
Wands
 i - a wand of roots (10)
Scrolls
 h - a scroll of blinking
Potions
 c - a potion of invisibility
 d - a potion of curing
 e - a potion of haste
 f - 2 potions of magic
 g - a potion of berserk rage


   Skills:
 + Level 0.1 Fighting
 + Level 1.2 Short Blades
 + Level 2.1 Dodging
 + Level 5.5 Stealth
 + Level 3.0 Spellcasting
 + Level 4.4 Hexes


You had 7 spell levels left.
You didn't know any spells.
Your spell library contained the following spells:

 Spells                   Type           Power      Damage    Failure   Level
 Confusing Touch          Hex            15%        N/A       10%         3
 Tukima's Dance           Hex            15%        N/A       10%         3
 Ensorcelled Hibernation  Hex/Ice        16%        N/A       12%         2
 Dazzling Flash           Conj/Hex       16%        N/A       24%         3


Dungeon Overview and Level Annotations

Branches:
Dungeon (1/1)

Altars:


Innate Abilities, Weirdness & Mutations

You have extremely sharp teeth.
When hurt, damage is shared between your health and your magic reserves.
Your bite disrupts and absorbs the magic of your enemies.
Potions cannot restore your health.


Message History

You fade into invisibility!
There is an open door here.
The helpless Ijyb fails to defend herself.
You puncture Ijyb!
Ijyb is heavily wounded.
You strike the helpless Ijyb from behind!
You puncture Ijyb!
Ijyb shouts!
You bite Ijyb, but do no damage.
Ijyb is almost dead.
Ijyb closely misses you.
You barely miss Ijyb. You punch Ijyb, but do no damage.
Ijyb is almost dead.
Ijyb hits you with a +0 dagger.
You hit Ijyb but do no damage.
Ijyb is almost dead.
Ijyb closely misses you.
You hit Ijyb.
You kill Ijyb!
Your Short Blades skill increases to level 1!
Your Dodging skill increases to level 2!
Your Stealth skill gained 2 levels and is now at level 5!
Your Spellcasting skill increases to level 3!
Your Hexes skill increases to level 4!
You have reached level 2!
You start resting.
You flicker for a moment.
i - a wand of roots (10)
Things that are here:
a +0 dagger; a +0 leather armour You open the door.
An ogre comes into view. It is wielding a +0 giant club.
There is an open door here.
You flicker back into view.
The ogre shouts!
The ogre closely misses you.
You hit the ogre but do no damage. Your bite misses the ogre.
The ogre hits you with a +0 giant club!!
Ouch! That really hurt!
You die...

##########
#<.#.)'.@#
#..'..#.O+
#..#####+#
#..# #..#
#..# #⌠⌠#
####


You could see an ogre.

Vanquished Creatures
  Ijyb (D)
1 creature vanquished.

Notes
Turn   | Place    | Note
-------+----------+-------------------------------------------
     0 | D        | Low2 the Vine Stalker Enchanter began the quest for the
                  | Orb.
     0 | D        | Reached XP level 1. HP: 9/9 MP: 4/4
     2 | D        | Noticed Ijyb
    11 | D        | Killed Ijyb
    12 | D        | Reached skill level 1 in Short Blades
    12 | D        | Reached skill level 5 in Stealth
    12 | D        | Reached XP level 2. HP: 10/13 MP: 4/7
    19 | D        | Noticed an ogre
    23 | D        | Mangled by an ogre

Illustrated notes

Levels and vault maps discovered:
D:        dungeon_sprint_1 [red_sonja_temple_1, red_sonja_temple_small_1]

Skill      XL: |  1 |
---------------+----+-----
Short Blades   | 1 |  1.2
Dodging        | 2 |  2.1
Stealth        | 5 |  5.5
Spellcasting   | 3 |  3.0
Hexes          | 4 |  4.4
Fighting       | |  0.1

Action                   || total
-------------------------++-------
Melee: Dagger            ||     6
       Punch             ||     1
       Bite              ||     1
  Use: Potion            ||     1
 Stab: Invisible         ||     1
       Sleeping          ||     1
Dodge: Dodged            ||     3

Table legend: (Time is in decaauts)
 A = Elapsed time spent in this place.
 B = Non-inter-level travel time spent in this place.
 C = Inter-level travel time spent in this place.
 D = Time resting spent in this place.
 E = Time spent auto-exploring this place.
 F = Levels seen in this place.
 G = Mean time per level.
                   A        B        C        D        E       F      G
               +--------+--------+--------+--------+--------+-----+--------+
         Total |     22 |     22 |      0 |      3 |      0 |   1 |   22.0 |
       Dungeon |     22 |     22 |      0 |      3 |      0 |   1 |   22.0 |
               +--------+--------+--------+--------+--------+-----+--------+

Top non-repeatable levels by time:
       D: 22 daAuts
